 Dungeon Sprint DCSS version 0.28.0-43-g3370ac3207 (webtiles) character file.

Game seed: 7321844819018484649

7735 boopmooplesden the Severer (level 11, -11/117 HPs)
             Began as a Minotaur Berserker on Mar 9, 2022.
             Was the Champion of Trog.
             Mangled by Kirke (16 damage)
             ... in the Dungeon (Sprint II: "The Violet Keep of Menkaure").
             The game lasted 00:06:51 (1895 turns).

boopmooplesden the Severer (Minotaur Berserker)     Turns: 1895, Time: 00:06:52

Health: -11/117    AC:  0    Str: 30      XL:     11   Next: 0%
Magic:  6/8        EV: 20    Int:  3 (4)  God:    Trog [******]
Gold:   159        SH:  5    Dex: 12      Spells: 10/10 levels left

rFire   . . .      SeeInvis .   (weapon currently unavailable)
rCold   x . .      Faith    .   (shield currently unavailable)
rNeg    . . .      Spirit   .   (armour currently unavailable)
rPois   +          Reflect  +   (helmet currently unavailable)
rElec   +          Harm     .   (cloak currently unavailable)
rCorr   .          Rampage  .   (gloves currently unavailable)
Will    .....      NoTele   +   (boots currently unavailable)
Stlth   ++........              j - amulet of Welu {Reflect rElec rPois rC- Str+6 SH+5}
HPRegen 0.29/turn               (ring currently unavailable)
MPRegen 0.11/turn               (ring currently unavailable)

@: mighty, pig-form, on berserk cooldown, slowed
A: fast, no casting, small, (horns 2), (retaliatory headbutt), deterioration 1,
low MP 1
a: Renounce Religion, Berserk, Trog's Hand, Brothers in Arms


You were in the Dungeon.
You worshipped Trog.
Trog was exalted by your worship.
You were a filthy swine.
You visited 1 branch You collected 1398 gold pieces.
You spent 1239 gold pieces at shops.

Inventory:

Hand Weapons
 a - a +0 hand axe
 i - a +0 war axe
 k - a +5 antimagic triple sword (melded)
 t - a +1 lajatang of flaming
Armour
 b - a +0 troll leather armour
 o - a +0 troll leather armour
 w - the +1 troll leather armour of Omission (melded) {Regen+ rCorr Dex-3 SInv}
   (You bought it in a shop in the Dungeon)

   Dex:       It affects your dexterity (-3).
   SInv:      It lets you see invisible.
   Regen:     It increases your rate of health regeneration.
   rCorr:     It protects you from acid and corrosion.
 x - a +0 pair of gloves (melded)
 y - a +0 ring mail
 z - a +0 cloak (melded)
Jewellery
 j - the amulet of Welu (around neck) {Reflect rElec rPois rC- Str+6 SH+5}
   (You bought it in a shop in the Dungeon)

   [amulet of reflection]

   It reflects blocked missile attacks.
   Str:       It affects your strength (+6).
   rC:        It makes you vulnerable to cold.
   rElec:     It insulates you from electricity.
   rPois:     It protects you from poison.
   SH:        It affects your SH (+5).
 s - a ring of flight
 v - a +4 ring of evasion
Scrolls
 h - a scroll of blinking
 l - a scroll of torment
 n - a scroll of identify
 p - a scroll of fog
Potions
 c - a potion of curing
 e - a potion of haste
 f - 5 potions of magic
 g - a potion of berserk rage
 m - 3 potions of flight
 q - a potion of degeneration {unknown}
 r - 3 potions of resistance
 u - a potion of might


   Skills:
 + Level 17.1 Fighting
 + Level 12.4 Long Blades
 + Level 17.6 Axes
 + Level 9.0 Armour
 + Level 12.7 Dodging
 + Level 2.3 Stealth
 + Level 4.2 Shields


You had 10 spell levels left.
You didn't know any spells.
Your spell library was empty.

Dungeon Overview and Level Annotations

Branches:
Dungeon (1/1)

Altars:
Cheibriados
Dithmenos
Elyvilon
Fedhas
Gozag
Hepliaklqana
Kikubaaqudgha
Makhleb
Nemelex Xobeh
Okawaru
Qazlal
Ru
Sif Muna
Trog
Uskayaw
Vehumet
Wu Jian
Xom
Yredelemnul
Zin
The Shining One
Beogh
Jiyva
Lugonu

Shops:
D :![(![=:=[(!(:?

Annotations:
D exclusions: oklob plant and orange crystal statue, Kirke


Innate Abilities, Weirdness & Mutations

You are a filthy swine.
You move quickly.
Your equipment is almost entirely melded.
You are incapable of wielding weapons or throwing items.
You cannot cast spells.
((You have a pair of horns on your head.))
((You reflexively headbutt those who attack you in melee.))
Your body sometimes deteriorates upon taking damage.
Your magical capacity is low. (-10% MP)


Message History

Kirke is moderately wounded.
Kirke points at you and mumbles some strange words.
You feel a momentary urge to oink. The elephant misses you.
The elephant completely misses you.
You barely miss Kirke.
Kirke is moderately wounded.
You block the elephant's attack. The elephant misses you.
You block Kirke's attack.
You bite Kirke!
Kirke is moderately wounded.
The elephant barely misses you. The elephant trunk-slaps you. Kirke hits you!
The elephant completely misses you. The elephant trunk-slaps you.
Kirke points at you and mumbles some strange words.
You feel as though you will be slow longer.
You barely miss Kirke.
Kirke is moderately wounded.
Kirke misses you. The elephant misses you. The elephant trunk-slaps you.
You closely miss Kirke.
Kirke is moderately wounded.
The elephant tramples you.
* * * LOW HITPOINT WARNING * * *
You hold your ground!
The elephant trunk-slaps you.
* * * LOW HITPOINT WARNING * * *
Kirke hits you!
* * * LOW HITPOINT WARNING * * *
You feel much better. Kirke misses you. The elephant tramples you!
* * * LOW HITPOINT WARNING * * *
Your body deteriorates!
You feel dopey.
You hold your ground!
The elephant trunk-slaps you.
* * * LOW HITPOINT WARNING * * *
Kirke holds her sides and says, "You'll eat dirt beneath my feet."
Kirke completely misses you. The elephant tramples you!
* * * LOW HITPOINT WARNING * * *
You hold your ground!
The elephant closely misses you.
You bite Kirke!
Kirke is heavily wounded.
The elephant completely misses you. The elephant trunk-slaps you.
* * * LOW HITPOINT WARNING * * *
Kirke hits you!
You die...

§≈≈§§#*++**,,,+.°.▓0..▓,,,,,*****
§≈≈≈**≈,,,***,#○○.▓▓▓▓▓▓▓▓▓▓*****
§≈≈**,≈,,,,,**#..°▓§§§§≈≈≈≈▓▓*,,,
+++##***,,,,*,*#"○▓▓▓▓▓▓▓▓▓▓▓*+**
....#,,+,,,,*,,#:○▓.[..((..▓▓,,,*
##..#,,***#.*,,#:)▓[...:(.:▓▓,⌠,*
@##.####,,+.##.#)[▓.(.[.(:)▓▓,,,*
..#,...#,,*...####▓..)[(.[.▓▓,,,*
.####..##**#^.##h#▓...(.)).▓▓,,,*
###.##..#,,+.^#Y@#▓().:((.)▓▓,,,*
##.#.#..#,,#..#).#▓[.(...))▓▓,⌠,*
Y'###'..####..##.#▓.|:..)..▓▓,,,*
##.#.#....###^..##▓▓▓▓▓▓▓'▓▓▓▓+▓*
###.##§.....≈≈≈≈≈≈≈≈≈≈≈≈≈...≈≈≈▓,
.####≈≈§....≈#+########'###.≈§§▓,
#.#≈≈≈≈§≈≈..≈#.._.....#≈§§##§§≈▓,
.##≈§§≈≈§≈≈.≈#._._....#≈§≈≈####▓▓


You could see Kirke and an elephant.

Vanquished Creatures
  A kraken (D)
  A yaktaur captain (D)
  2 boulder beetles (D)
  A centaur warrior (D)
  A skeletal warrior (D)
  2 deep trolls (D)
  A yaktaur (D)
  3 polar bears (D)
  A hornet (D)
  2 wyverns (D)
  4 neqoxecs (D)
  5 water moccasins (D)
  9 electric eels (D)
  A hell rat (D)
  3 worms (D)
  5 tentacles (D)
42 creatures vanquished.

Vanquished Creatures (others)
  Menkaure (D)
  11 tentacles (D)
12 creatures vanquished.

Grand Total: 54 creatures vanquished

Notes
Turn   | Place    | Note
-------+----------+-------------------------------------------
     0 | D        | boopmooplesden the Minotaur Berserker began the quest for
                  | the Orb.
     0 | D        | Reached XP level 1. HP: 19/19 MP: 0/0
     1 | D        | Noticed a wyvern
     1 | D        | Noticed a wyvern
     6 | D        | Killed a wyvern
     7 | D        | Reached XP level 2. HP: 36/36 MP: 1/1
     7 | D        | Reached XP level 3. HP: 41/41 MP: 2/2
     7 | D        | Reached XP level 4. HP: 49/49 MP: 3/3
     7 | D        | Reached XP level 5. HP: 55/55 MP: 4/4
     8 | D        | Killed a wyvern
     9 | D        | Reached skill level 10 in Fighting
     9 | D        | Reached skill level 10 in Axes
     9 | D        | Reached skill level 5 in Armour
     9 | D        | Reached skill level 5 in Dodging
     9 | D        | Reached XP level 6. HP: 66/66 MP: 5/5
    23 | D        | Killed Menkaure
    57 | D        | Noticed a boulder beetle
    57 | D        | Noticed a boulder beetle
    61 | D        | Noticed a neqoxec
    61 | D        | Noticed a neqoxec
    61 | D        | Noticed a neqoxec
    61 | D        | Noticed a neqoxec
    64 | D        | Gained mutation: Your body sometimes deteriorates upon
                  | taking damage. [a neqoxec]
    65 | D        | Killed a neqoxec
    65 | D        | Reached ** piety under Trog
    70 | D        | Killed a neqoxec
    71 | D        | Reached XP level 7. HP: 75/75 MP: 6/6
    78 | D        | Gained mutation: Your magical capacity is low. (-10% MP) [a
                  | neqoxec]
    81 | D        | Killed a neqoxec
    86 | D        | Killed a neqoxec
    86 | D        | Reached *** piety under Trog
   180 | D        | Found Zoasoal's Book Emporium.
   181 | D        | Found Hibeot's Antique Armour Shoppe.
   181 | D        | Found Guheiff's Jewellery Emporium.
   181 | D        | Found Jucax's Book Shoppe.
   181 | D        | Found Bagrarae's Jewellery Emporium.
   183 | D        | Found Tyamomech's Distillery.
   183 | D        | Found Yhororad's Antique Weapon Emporium.
   183 | D        | Found Vamadin's Antique Weapon Shoppe.
   183 | D        | Found Hidouh's Magic Scroll Shoppe.
   183 | D        | Found Apnicsem's Antique Weapon Emporium.
   184 | D        | Found Ycraitho's Antique Armour Shoppe.
   184 | D        | Found Pyechul's Distillery.
   184 | D        | Found Ewneige's Antique Armour Emporium.
   184 | D        | Found Quthiw's Distillery.
   184 | D        | Noticed a cane toad
   184 | D        | Noticed a hell hog
   193 | D        | Reached **** piety under Trog
   197 | D        | Noticed a cane toad
   224 | D        | Noticed an oklob plant
   224 | D        | Noticed a hell hog
   225 | D        | Found Gojissomm's Book Shoppe.
   234 | D        | Bought the amulet of Welu {Reflect rElec rPois rC- Str+6
                  | SH+5} for 699 gold pieces
   260 | D        | Found a stormy altar of Qazlal.
   261 | D        | Found a hazy altar of Hepliaklqana.
   261 | D        | Found a sacrificial altar of Ru.
   261 | D        | Found an ornate altar of the Wu Jian Council.
   265 | D        | Found a viscous altar of Jiyva.
   265 | D        | Found a shimmering blue altar of Sif Muna.
   265 | D        | Found a shimmering altar of Xom.
   266 | D        | Found a snail-covered altar of Cheibriados.
   266 | D        | Found an ancient bone altar of Kikubaaqudgha.
   266 | D        | Found a bloodstained altar of Trog.
   267 | D        | Found a shadowy altar of Dithmenos.
   267 | D        | Found a corrupted altar of Lugonu.
   268 | D        | Found a white marble altar of Elyvilon.
   268 | D        | Found a burning altar of Makhleb.
   269 | D        | Found a blossoming altar of Fedhas.
   271 | D        | Noticed a yaktaur
   271 | D        | Noticed a hornet
   271 | D        | Noticed a polar bear
   271 | D        | Noticed a polar bear
   274 | D        | Killed a polar bear
   274 | D        | Noticed a polar bear
   275 | D        | Reached XP level 8. HP: 86/86 MP: 6/6
   277 | D        | Killed a polar bear
   277 | D        | Reached ***** piety under Trog
   282 | D        | Killed a polar bear
   283 | D        | Reached skill level 15 in Axes
   286 | D        | Killed a hornet
   289 | D        | Killed a yaktaur
   290 | D        | Reached XP level 9. HP: 55/96 MP: 7/7
   514 | D        | Found an opulent altar of Gozag.
   520 | D        | Noticed a kraken
   529 | D        | Reached skill level 15 in Fighting
   542 | D        | Received a gift from Trog
   550 | D        | Found a sparkling altar of Nemelex Xobeh.
   550 | D        | Found a hide-covered altar of Uskayaw.
   550 | D        | Found a basalt altar of Yredelemnul.
   551 | D        | Found an iron altar of Okawaru.
   551 | D        | Found a radiant altar of Vehumet.
   551 | D        | Found a glowing silver altar of Zin.
   563 | D        | Reached skill level 1 in Shields
  1193 | D        | Noticed a deep troll
  1193 | D        | Noticed a deep troll
  1199 | D        | Killed a deep troll
  1200 | D        | Reached skill level 1 in Stealth
  1203 | D        | Killed a deep troll
  1236 | D        | Found a glowing golden altar of the Shining One.
  1248 | D        | Noticed a sixfirhy
  1439 | D        | Received a gift from Trog
  1538 | D        | Killed a kraken
  1539 | D        | Reached skill level 10 in Dodging
  1539 | D        | Reached XP level 10. HP: 104/108 MP: 2/8
  1578 | D        | Killed a boulder beetle
  1591 | D        | Killed a boulder beetle
  1614 | D        | Noticed a death yak
  1618 | D        | Bought a polished troll leather armour for 540 gold pieces
  1618 | D        | Identified the +1 troll leather armour of Omission {Regen+
                  | rCorr Dex-3 SInv} (You bought it in a shop in the Dungeon)
  1828 | D        | Noticed an orange crystal statue
  1831 | D        | Noticed Kirke
  1831 | D        | Noticed a yaktaur captain
  1831 | D        | Noticed a skeletal warrior
  1848 | D        | Killed a skeletal warrior
  1848 | D        | Received a gift from Trog
  1849 | D        | Reached skill level 10 in Long Blades
  1849 | D        | Noticed an elephant
  1849 | D        | Noticed a centaur warrior
  1853 | D        | Killed a yaktaur captain
  1855 | D        | Killed a centaur warrior
  1855 | D        | Reached ****** piety under Trog
  1856 | D        | Reached XP level 11. HP: 117/117 MP: 2/8
  1895 | D        | HP: 5/117 [elephant (4)]
  1895 | D        | Mangled by Kirke

Illustrated notes

Levels and vault maps discovered:
D:        the_violet_keep_of_menkaure [sprint2_stairs_cluster_1,
          sprint2_shoproom, sprint2_temple, sprint2_basic_supplies,
          sprint2_obstacle_6, sprint2_obstacle_7, sprint2_obstacle_4,
          sprint2_obstacle_5, sprint2_obstacle_1, sprint2_timed_cluster_1,
          sprint2_smallroom_cluster_1, sprint2_smallroom_final_cluster_1,
          sprint2_transparent_cluster_1, sprint2_second_timed_cluster_1,
          sprint2_sniper_area_1, sprint2_heavy_combat_area_1,
          sprint2_mutation_trap_area_1, sprint2_forest_area_1,
          sprint2_light_combat_area_1, sprint2_behind_water_1,
          sprint2_near_end_vault_1]

Skill      XL: |  1  2  3  4  5  6  7  8  9 10 |
---------------+-------------------------------+-----
Fighting       | 8 10 11 13 14 16 17 | 17.1
Axes           | 8 10 12 14 16 17 | 17.6
Armour         | 4 5 6 7 8 9 |  9.0
Dodging        | 4 5 6 7 8 10 12 | 12.7
Shields        | 3 4 |  4.2
Long Blades    | 7 12 | 12.4
Stealth        | 2 |  2.3

Action                   |  1- 3 |  4- 6 |  7- 9 | 10-12 || total
-------------------------+-------+-------+-------+-------++-------
Melee: Hand axe          |     4 |    10 |    38 |       ||    52
       Headbutt          |       |     3 |    23 |     9 ||    35
       War axe           |       |       |    49 |       ||    49
       Punch             |       |       |     2 |       ||     2
       Triple sword      |       |       |    34 |    29 ||    63
       Unarmed           |       |       |       |    10 ||    10
Invok: Berserk           |     1 |     1 |     3 |     1 ||     6
  Use: Scroll            |       |       |     7 |       ||     7
       Potion            |       |       |       |     2 ||     2
Armor: Animal skin       |       |       |     2 |       ||     2
       Troll leather arm |       |       |     6 |     5 ||    11
Dodge: Dodged            |     2 |     1 |    95 |    37 ||   135
Block: Other             |       |       |    14 |     9 ||    23
